Map: Terraplenes de priones

Players

xXkazperXx

  • Race: Zerg Zerg
  • League: Bronze

rorbri - Winner!

  • Race: Terran Terran
  • League: Bronze

VOD

Have the link to the VOD?

Description

Time

  • Played on: April 10, 2016, 8:27 p.m.
  • Length: 25:21
Show
View Real Time Build Order
Export as new Build Order

xXkazperXx Zerg 

Build Orders: Pool First, Lurkers 

Get SALT Encoding   

  12  0:02  Drone  
  13  0:08  Drone  
  14  0:17  Overlord  
  14  0:35  Spawning Pool  
  13  0:37  Drone  
  15  0:42  Drone  
  15  0:49  Extractor  
  14  0:52  Drone x2  
  16  1:23  Queen  
  16  1:24  Zergling x6  
  21  1:39  Roach Warren  
  20  1:48  Overlord  
  20  1:51  Drone  
  21  2:05  Drone  
  22  2:19  Roach  
  22  2:20  Roach  
  26  2:26  Extractor  
  25  2:31  Roach x2, Overlord  
  25  2:36  Drone  
  30  2:51  Roach  
  32  2:56  Roach  
  34  3:12  Hatchery  
  33  3:14  Roach  
  35  3:21  Roach  
  37  3:30  Drone  
  38  3:43  Overlord  
  38  3:53  Lair  
  37  4:28  Roach x5  
  47  4:32  Drone  
  48  4:40  Drone  
  49  4:47  Drone  
  50  5:05  Drone x2  
  50  5:06  Overlord  
  52  5:27  Extractor  
  51  5:33  Extractor  
  51  5:35  Drone x3  
  53  5:39  Drone x5  
  58  6:04  Spire  
  58  6:05  Hydralisk Den  
  58  6:10  Evolution Chamber  
  58  6:11  Queen  
  57  6:12  Drone x3  
  57  6:14  Overlord  
  60  6:40  Hydralisk x4  
  60  6:44  Overlord  
  68  6:51  Pneumatized Carapace  
  68  7:02  Burrow  
  68  7:14  Hydralisk  
  68  7:15  Hydralisk x3  
  74  7:17  Overlord x2  
  76  7:43  Hatchery, Drone x2  
  77  7:46  Drone x2  
  79  8:01  Lurker Den  
  79  8:04  Zerg Missile Weapons Level 1  
  79  8:14  Tunneling Claws  
  79  8:18  Mutalisk x3  
  85  8:24  Mutalisk  
  87  8:32  Mutalisk  
  88  9:00  Overlord x2  
  88  9:08  Corruptor x3  
  92  10:02  Infestation Pit  
  92  10:04  Mutalisk x3  
  92  10:05  Mutalisk x2  
  92  10:06  Overlord  
  101  10:10  Drone  
  101  10:11  Drone x2  
  104  10:30  Extractor  
  103  11:15  Drone x3  
  103  11:16  Drone x6  
  112  11:30  Hive  
  112  11:31  Zerg Missile Weapons Level 2  
  112  11:39  Overlord x2  
  112  11:40  Overlord  
  112  12:20  Corruptor x8  
  112  12:21  Mutalisk x4  
  136  12:50  Lurker  
  137  12:53  Overlord x2  
  137  12:54  Overlord x2  
  137  13:12  Drone  
  138  13:14  Zergling x2  
  138  13:15  Zergling x12  
  145  13:23  Greater Spire  
  145  13:56  Lurker x7  
  152  14:08  Hydralisk x4, Drone x2  
  152  14:09  Hydralisk  
  164  14:13  Zergling x4  
  166  14:21  Drone  
  166  14:22  Extractor  
  166  14:29  Zergling x2  
  166  14:30  Zergling x2  
  168  14:35  Roach  
  168  15:01  Overlord x6  
  164  16:12  Hatchery  
  164  16:16  Extractor  
  162  16:19  Extractor  
  161  16:31  Brood Lord x7  
  161  16:32  Brood Lord  
  177  16:39  Zergling x6  
  181  16:40  Zergling x6  
  183  16:51  Drone x3  
  183  16:52  Drone x2  
  158  18:15  Ravager x7  
  158  18:16  Ravager x5  
  170  18:32  Mutalisk  
  172  18:38  Drone x4  
  172  18:39  Drone x4  
  128  19:52  Corruptor x4  
  124  19:53  Corruptor x4  
  140  20:02  Drone  
  140  20:04  Drone x3  
  144  20:11  Drone x2  
  144  20:12  Drone  
  147  20:17  Hydralisk  
  147  20:22  Roach  
  147  20:53  Hatchery  
  138  21:20  Mutalisk x7  
  138  21:21  Mutalisk  
  151  21:32  Roach x3  
  159  21:33  Roach  
  153  22:28  Mutalisk x4  
  161  22:30  Roach  
  161  22:31  Zergling x12  
  161  22:32  Zergling x8  
  122  23:16  Brood Lord x2  
  123  23:29  Corruptor  
  93  24:15  Brood Lord  
  95  24:25  Extractor  
Show
View Real Time Build Order
Export as new Build Order

rorbri Terran - Winner!

Build Orders:  

Get SALT Encoding   

  12  0:03  SCV  
  13  0:15  SCV  
  14  0:24  Supply Depot  
  14  0:30  SCV  
  15  0:48  Barracks  
  15  0:51  SCV  
  16  1:03  SCV  
  17  1:06  Refinery  
  17  1:11  Refinery  
  17  1:15  SCV  
  17  1:27  SCV  
  18  1:37  Supply Depot  
  18  1:39  SCV  
  19  1:45  Marine  
  20  1:51  SCV  
  21  2:03  Marine  
  22  2:09  Command Center  
  22  2:26  Bunker  
  22  2:35  Factory  
  22  2:38  Marine  
  23  2:56  Marine  
  24  2:58  Engineering Bay  
  24  3:05  Supply Depot  
  24  3:14  Orbital Command  
  24  3:21  Factory Tech Lab  
  24  3:33  SCV  
  25  3:44  Bunker  
  25  3:45  SCV, Marine  
  27  3:59  Orbital Command  
  27  4:07  Siege Tank  
  30  4:24  Barracks Reactor  
  30  4:30  Supply Depot  
  30  4:45  SCV  
  31  4:51  Refinery  
  31  4:55  Refinery  
  31  4:57  SCV  
  32  5:04  Supply Depot  
  32  5:06  Marine x2  
  34  5:09  SCV  
  35  5:21  SCV, Starport  
  35  5:24  Marine x2  
  38  5:31  Missile Turret  
  38  5:35  Neosteel Frame  
  38  5:40  Supply Depot  
  38  5:45  Widow Mine  
  40  5:59  Marine x2  
  40  6:03  Missile Turret  
  42  6:10  Supply Depot  
  42  6:13  Widow Mine  
  42  6:14  SCV  
  42  6:17  Marine x2  
  47  6:26  SCV  
  47  6:30  Bunker  
  47  6:31  Starport Tech Lab  
  48  6:38  SCV  
  49  6:42  Siege Tank  
  52  6:51  SCV  
  53  7:00  Missile Turret  
  53  7:03  SCV  
  53  7:08  Fusion Core  
  54  7:12  Marine x2  
  54  7:14  Siege Tank  
  59  7:15  Terran Infantry Weapons Level 1  
  59  7:30  Marine x2  
  59  7:36  Starport  
  61  7:43  Armory  
  61  7:46  Siege Tank  
  61  7:47  Marine  
  61  7:48  Marine  
  66  8:18  Siege Tank  
  69  8:22  Missile Turret  
  69  8:38  Starport Tech Lab  
  69  8:39  Command Center  
  69  8:42  Weapon Refit, Starport  
  69  8:47  Battlecruiser  
  75  8:59  Missile Turret  
  75  9:19  Supply Depot  
  75  9:25  Behemoth Reactor  
  75  9:32  Missile Turret  
  75  9:39  Missile Turret  
  75  9:43  Missile Turret  
  74  9:54  Battlecruiser x2  
  86  10:01  Starport Tech Lab  
  86  10:03  Starport  
  86  10:13  Missile Turret  
  86  10:17  Terran Infantry Weapons Level 2  
  86  10:22  Battlecruiser  
  92  10:58  Battlecruiser x2  
  92  11:03  Missile Turret  
  102  11:32  Starport Tech Lab  
  102  11:33  Terran Vehicle Weapons Level 1  
  102  11:49  Armory  
  102  12:03  Battlecruiser  
  106  12:31  Missile Turret  
  106  12:51  Command Center  
  106  12:58  Terran Vehicle And Ship Armor Level 1  
  106  13:00  Missile Turret  
  106  13:27  Missile Turret  
  106  13:33  Terran Vehicle Weapons Level 2  
  106  14:11  Supply Depot  
  106  14:28  Command Center  
  106  14:32  SCV  
  107  14:40  Refinery  
  107  14:44  SCV  
  108  14:51  Thor  
  114  14:56  SCV  
  115  15:03  Battlecruiser  
  121  15:08  SCV  
  122  15:20  SCV  
  122  15:38  Missile Turret  
  122  15:42  Missile Turret  
  121  16:28  Battlecruiser  
  121  16:29  Battlecruiser  
  133  16:33  Battlecruiser  
  139  16:40  SCV  
  139  16:42  Refinery  
  140  16:48  Planetary Fortress  
  140  17:56  Battlecruiser x2  
  152  18:00  Terran Vehicle And Ship Armor Level 2  
  152  18:07  SCV  
  153  18:19  SCV  
  154  18:32  SCV  
  155  18:37  Supply Depot  
  155  18:44  SCV  
  156  18:49  Refinery  
  156  18:59  SCV, Battlecruiser  
  163  19:07  Missile Turret  
  158  20:27  Missile Turret  
  158  20:37  Missile Turret  
  158  20:41  Missile Turret  
  158  20:43  Missile Turret  
  158  20:47  Missile Turret  
  150  22:09  SCV  
  148  22:21  SCV  
  148  22:22  Missile Turret  
  146  22:33  SCV  
  146  22:45  SCV  
  144  22:51  Battlecruiser  
  144  22:57  SCV  
  147  22:59  Battlecruiser  
  132  24:42  Supply Depot x2  
  132  24:46  Supply Depot  
Tags
 
Add a new tag
Caveats
  • Supply blocks, unpowered buildings, or Contaminate may cause inaccurate times.
  • Supply counts are checked every 10 seconds.